 Dungeon Crawl Stone Soup version 0.22-a0-40-g3d2f077def (webtiles) character file.

374 NixNut the Vexing (level 6, 11/29 HPs)
             Began as a Spriggan Arcane Marksman on Jan 5, 2018.
             Was an Initiate of Nemelex Xobeh.
             Quit the game on level 3 of the Dungeon.
             The game lasted 00:21:06 (4506 turns).

NixNut the Vexing (Spriggan Arcane Marksman)        Turns: 4506, Time: 00:21:07

Health: 11/29      AC:  2    Str:  8    XL:     6   Next: 43%
Magic:  12/12      EV: 17    Int: 14    God:    Nemelex Xobeh [......]
Gold:   128        SH:  5    Dex: 17    Spells: 7/11 levels left

rFire    . . .     SeeInvis +   a - +0 hunting sling
rCold    . . .     Gourm    .   m - +0 buckler
rNeg     . . .     Faith    .   e - +0 robe
rPois    .         Spirit   .   (helmet restricted)
rElec    .         Reflect  .   (no cloak)
rCorr    .         Harm     .   (gloves unavailable)
MR       +....                  (boots unavailable)
Stlth    +++.......             (no amulet)
HPRegen  0.09/turn              (no ring)
MPRegen  0.13/turn              (no ring)

@: very quick
A: very small, unfitting armour, see invisible, herbivore, speed 3, slow
metabolism 2
a: Renounce Religion


You were on level 3 of the Dungeon.
You worshipped Nemelex Xobeh.
Nemelex Xobeh was noncommittal.
You were hungry.

You visited 1 branch of the dungeon, and saw 3 of its levels.

You collected 128 gold pieces.

Inventory:

Hand Weapons
 a - a +0 hunting sling (weapon)
 q - a +0 short sword of electrocution
Missiles
 b - 137 stones (quivered)
 d - 27 sling bullets
Armour
 e - a +0 robe (worn)
 m - a +0 buckler (worn)
Wands
 y - a wand of disintegration (13)
 z - a wand of digging (15)
Scrolls
 g - 3 scrolls of identify {unknown}
 h - 2 scrolls of teleportation {unknown}
 i - a scroll of fear {unknown}
 j - 3 scrolls of immolation {unknown}
 k - 2 scrolls of remove curse {unknown}
 l - 3 scrolls of enchant weapon {unknown}
 r - a scroll of fog {unknown}
 t - a scroll of magic mapping {unknown}
 A - a scroll of random uselessness {unknown}
Potions
 n - a potion of brilliance {unknown}
 o - 2 potions of curing
 p - a potion of flight {unknown}
 s - a potion of mutation {unknown}
 u - a potion of agility {unknown}
 v - 2 potions of haste {unknown}
 w - a potion of lignification {unknown}
Books
 c - a book of Debilitation

   Spells                             Type                      Level
   a - Corona                         Hexes                        1
   b - Slow                           Hexes                        2
   c - Inner Flame                    Hexes/Fire                   3
   d - Portal Projectile              Hexes/Translocation          3
   e - Cause Fear                     Hexes                        4
   f - Leda's Liquefaction            Hexes/Earth                  4
Miscellaneous
 x - a plain deck of destruction {drawn: 1}
Comestibles
 f - 6 rations


   Skills:
 - Level 0.7 Fighting
 + Level 4.2 Slings
 - Level 3.0 Dodging
 - Level 4.0 Stealth
 - Level 3.3 Spellcasting
 * Level 6.2 Hexes
 * Level 2.0 Evocations


You had 7 spell levels left.
You knew the following spells:

 Your Spells              Type           Power        Failure   Level  Hunger
a - Corona                Hex            ###....      2%          1    #......
b - Portal Projectile     Hex/Tloc       ##....       28%         3    ###....


Dungeon Overview and Level Annotations

Branches:
Dungeon (3/15)

Altars:
Nemelex Xobeh


Innate Abilities, Weirdness & Mutations

You are very small and have problems with some larger weapons.
You are too small for most types of armour.
You have supernaturally acute eyesight. (SInv)
You are a herbivore.
You cover ground extremely quickly.
You need consume almost no food.


Message History

Press: ? - help, Shift-Dir - straight line, f/p - worm
Aim: a worm (almost dead)
You shoot a stone.
The stone hits the worm but does no damage.
The worm is almost dead.
The worm misses you.
Firing (i - inventory. (,) - cycle):
b - 138 stones (quivered)
Press: ? - help, Shift-Dir - straight line, f/p - worm
Aim: a worm (almost dead)
You shoot a stone. The stone hits the worm.
You kill the worm!
Firing (i - inventory. (,) - cycle):
b - 137 stones (quivered)
Press: ? - help, Shift-Dir - straight line, f - you Really target yourself? [Y]es or [N]o only, please.
Really target yourself? [Y]es or [N]o only, please.
Really target yourself?
Okay, then.
Are you sure you want to abandon this character and quit the game? (Confirm with "yes".)

# .. # #. ##. #.####
..## ((.# .#
...###.##(## .#
##.#.#.##..@##.#
#.........#....#
######..#..###...#..#
........#..##.###...#
#######.#.....# #...#
#######.#..##.###..##
.......#...###...#.#
###.....#.#####.##.#
# #..†..........##.#


There were no monsters in sight!

Vanquished Creatures
  A scorpion (D:2)
  A crimson imp (D:3)
  Natasha (thrice) (D:2)
  A worker ant (D:3)
  Robin (D:2)
  4 gnolls (D:3)
  6 adders
  2 worms
  6 bats
  7 giant cockroaches
  12 goblins
  13 hobgoblins
  4 jackals
  8 kobolds
  2 quokkas
  3 ball pythons
  2 frilled lizards
  8 rats
84 creatures vanquished.

Notes
Turn   | Place    | Note
-------+----------+-------------------------------------------
     0 | D:1      | NixNut the Spriggan Arcane Marksman began the quest for the Orb.
     0 | D:1      | Reached XP level 1. HP: 9/9 MP: 3/3
   296 | D:1      | Reached skill level 1 in Stealth
   299 | D:1      | Reached skill level 4 in Hexes
   299 | D:1      | Reached XP level 2. HP: 14/14 MP: 5/5
   859 | D:2      | Reached XP level 3. HP: 15/17 MP: 7/7
   896 | D:2      | Noticed Robin
   901 | D:2      | Killed Robin
  1139 | D:2      | Noticed a scorpion
  1283 | D:2      | Killed a scorpion
  1283 | D:2      | Reached XP level 4. HP: 21/21 MP: 8/8
  1481 | D:2      | Reached skill level 5 in Hexes
  1486 | D:2      | Learned a level 3 spell: Portal Projectile
  1767 | D:2      | Found a sparkling altar of Nemelex Xobeh.
  1842 | D:2      | Became a worshipper of Nemelex Xobeh the Trickster
  1934 | D:2      | Noticed Natasha
  2013 | D:2      | Killed Natasha
  2013 | D:2      | Reached XP level 5. HP: 7/25 MP: 10/10
  2020 | D:2      | Noticed Natasha
  2030 | D:2      | Killed Natasha
  2251 | D:2      | Noticed Natasha
  2261 | D:2      | Killed Natasha
  3286 | D:3      | Received a gift from Nemelex Xobeh
  3392 | D:3      | Reached XP level 6. HP: 29/29 MP: 12/12
  3607 | D:3      | Reached skill level 1 in Evocations
  3666 | D:3      | Reached skill level 6 in Hexes
  4506 | D:3      | Quit the game

Vault maps used:
D:1:      sevenhm_arrival_forest_fort_small_3, minmay_pentomino_w4
D:2:      nemelex_xobeh_ov_fountains_minmay, first_ration, dk_noncrumbling_3,
          uniq_natasha, uniq_robin

Skill      XL: |  1  2  3  4  5  6 |
---------------+-------------------+-----
Stealth        | 1 2 3 4 |  4.0
Hexes          | 4 5 6 |  6.2
Spellcasting   | 2 3 |  3.3
Slings         | 3 4 |  4.2
Evocations     | 2 |  2.0
Fighting       | |  0.7
Dodging        | |  3.0

Action                   |  1- 3 |  4- 6 || total
-------------------------+-------+-------++-------
Melee: Short sword       |    22 |    36 ||    58
 Fire: Hunting sling     |   113 |   375 ||   488
 Cast: Corona            |       |     5 ||     5
Evoke: Deck              |       |     1 ||     1
  Use: Potion            |       |     3 ||     3
Armor: Robe              |    11 |    15 ||    26
Dodge: Dodged            |    41 |   139 ||   180
Block: Buckler           |     3 |    53 ||    56

Table legend:
 A = Spawn XP
 B = Non-spawn XP
 C = Spawn XP percentage of total XP
 D = Spawn monster count
 E = Non-spawn monster count
 F = Spawn count percentage of total count
 G = Total turns spent on level
                    A         B        C        D         E        F      G
               +---------+---------+-------+---------+---------+-------+---------
         Total |       0 |     535 |   0.0 |       0 |      84 |   0.0 |  4506
               +---------+---------+-------+---------+---------+-------+---------
           D:1 |       0 |      30 |   0.0 |       0 |      19 |   0.0 |   754
           D:2 |       0 |     290 |   0.0 |       0 |      38 |   0.0 |  2368
           D:3 |       0 |     215 |   0.0 |       0 |      27 |   0.0 |  1384
               +---------+---------+-------+---------+---------+-------+---------
